 Dungeon Crawl Stone Soup version 0.21.1-1-g345015f (webtiles) character file.

116 shakethe the Chopper (level 5, -3/45 HPs)
             Began as a Hill Orc Abyssal Knight on Feb 5, 2018.
             Was a Believer of Lugonu.
             Slain by a gnoll
             ... wielding a +1 spear of flaming
              (6 damage)
             ... on level 2 of the Dungeon.
             The game lasted 00:05:40 (2419 turns).

shakethe the Chopper (Hill Orc Abyssal Knight)      Turns: 2419, Time: 00:05:40

Health: -3/45      AC:  5    Str: 16    XL:     5   Next: 0%
Magic:  7/7        EV: 10    Int: 12    God:    Lugonu [**....]
Gold:   100        SH:  0    Dex: 10    Spells: 3/4 levels left

rFire    . . .     SeeInvis .   a - +1 hand axe
rCold    . . .     Gourm    .   (no shield)
rNeg     . . .     Faith    .   h - +0 ring mail
rPois    .         Spirit   .   (no helmet)
rElec    .         Reflect  .   (no cloak)
rCorr    .         Harm     .   (no gloves)
MR       .....                  (no boots)
Stlth    ..........             (no amulet)
HPRegen  0.15/turn              (no ring)
MPRegen  0.10/turn              (no ring)

@: no status effects
A: no striking features
a: Depart the Abyss, Bend Space, Renounce Religion


You were on level 2 of the Dungeon.
You worshipped Lugonu.
Lugonu was pleased with you.
You were not hungry.

You visited 1 branch of the dungeon, and saw 2 of its levels.
You visited the Abyss 1 time.

You collected 100 gold pieces.

Inventory:

Hand Weapons
 a - a +1 hand axe (weapon)
Armour
 b - a +0 leather armour
 h - a +0 ring mail (worn)
Jewellery
 p - an uncursed ring of wizardry {unknown}
Scrolls
 d - a scroll of enchant weapon {unknown}
 g - 2 scrolls of identify {unknown}
 k - 2 scrolls of magic mapping {unknown}
 m - a scroll of amnesia {unknown}
 n - 2 scrolls of teleportation {unknown}
Potions
 e - 2 potions of curing {unknown}
 f - a potion of degeneration {unknown}
 i - 2 potions of invisibility {unknown}
 j - a potion of lignification {unknown}
Books
 l - a book of Cantrips

   Spells                             Type                      Level
   a - Confusing Touch                Hexes                        1
   b - Animate Skeleton               Necromancy                   1
   c - Summon Small Mammal            Summoning                    1
   d - Apportation                    Translocation                1
Comestibles
 c - 5 rations


   Skills:
 - Level 3.6 Fighting
 * Level 6.4 Axes
 - Level 2.1 Armour
 - Level 0.7 Dodging
 - Level 0.5 Summonings
 - Level 2.7 Invocations


You had 3 spell levels left.
You knew the following spells:

 Your Spells              Type           Power        Failure   Level  Hunger
a - Summon Small Mammal   Summ           #...         45%         1    ##.....


Dungeon Overview and Level Annotations

Branches:
Dungeon (2/15)

Altars:
Nemelex Xobeh
Wu Jian


Message History

The gnoll barely misses you.
You barely miss the gnoll.
The gnoll is almost dead.
The gnoll barely misses you.
You barely miss the gnoll.
The gnoll is almost dead.
The gnoll hits you with a spear of flaming.
* * * LOW HITPOINT WARNING * * *
The gnoll burns you.
* * * LOW HITPOINT WARNING * * *
You hit the gnoll but do no damage.
The gnoll is almost dead.
The gnoll hits you with a spear of flaming!
* * * LOW HITPOINT WARNING * * *
The gnoll burns you.
* * * LOW HITPOINT WARNING * * *
You barely miss the gnoll.
The gnoll is almost dead.
The gnoll hits you with a spear of flaming.
You die...

♣...♣♣(♣
♣♣.♣.♣.♣♣
#...#(#....
♣.♣♣♣♣.♣
♣♣♣...♣♣♣♣
#..##<###.#
♣.♣
♣.♣♣♣♣.♣.♣♣♣
#.....(...#
♣.♣♣
♣♣.♣♣.♣..♣♣
#..##.####.
♣♣.♣
♣♣...♣♣..♣
#..##.####.
♣.♣♣
♣♣♣♣♣♣♣.♣♣
#..##..)##.
♣♣.♣ ♣..♣♣
#.....#.##.
♣.♣♣ ♣♣♣.♣
#.....#.##.
♣♣.♣ ♣@♣
#.....#....
♣.♣♣♣♣♣ ♣g♣
#.....#####
♣♣.♣♣.♣ ♣♣.
#.....####.
♣♣)..♣♣♣ .♣
#.....##...
♣♣♣(..♣♣ .♣
#.....#..#.
♣♣....♣ ♣.
#.......##.
♣.....♣ .
#.....####.
♣♣....♣ ♣>
#.....# ##
♣.♣..♣♣
#.....# #


You could see a gnoll.

Vanquished Creatures
  4 adders (D:2)
  An ooze (D:2)
  2 dart slugs (D:1)
  A leopard gecko (D:1)
  A ball python (D:2)
  7 bats
  A giant cockroach (D:1)
  6 goblins
  11 hobgoblins
  10 jackals
  2 frilled lizards (D:1)
  13 kobolds
  5 rats (D:1)
64 creatures vanquished.

Notes
Turn   | Place    | Note
-------+----------+-------------------------------------------
     0 | Abyss:1  | shakethe the Hill Orc Abyssal Knight began the quest for the Orb.
     0 | Abyss:1  | Reached XP level 1. HP: 19/19 MP: 2/2
    69 | Abyss:1  | Noticed a smoke demon
    83 | Abyss:1  | Noticed a large abomination
    91 | D:1      | Escaped the Abyss
   118 | D:1      | Reached * piety under Lugonu
   121 | D:1      | Reached skill level 3 in Axes
   128 | D:1      | Reached XP level 2. HP: 10/26 MP: 3/3
   366 | D:1      | Reached skill level 4 in Axes
   615 | D:1      | Reached XP level 3. HP: 23/31 MP: 4/4
   784 | D:1      | Reached skill level 5 in Axes
  1379 | D:1      | Learned a level 1 spell: Summon Small Mammal
  1409 | D:2      | Reached ** piety under Lugonu
  1549 | D:1      | Reached XP level 4. HP: 33/39 MP: 5/5
  1821 | D:2      | Found a sparkling altar of Nemelex Xobeh.
  1859 | D:2      | Found an ornate altar of the Wu Jian Council.
  2170 | D:2      | Reached skill level 6 in Axes
  2294 | D:2      | Reached XP level 5. HP: 35/45 MP: 7/7
  2419 | D:2      | Slain by a gnoll

Skill      XL: |  1  2  3  4 |
---------------+-------------+-----
Axes           | 3 4 5 6 |  6.4
Fighting       | |  3.6
Armour         | |  2.1
Dodging        | |  0.7
Summonings     | |  0.5
Invocations    | |  2.7

Action                   |  1- 3 |  4- 6 || total
-------------------------+-------+-------++-------
Melee: Hand axe          |   140 |    93 ||   233
Invok: Depart the Abyss  |     1 |       ||     1
  Eat: Chunk             |     2 |     3 ||     5
Armor: Leather armour    |    32 |       ||    32
       Ring mail         |    33 |    39 ||    72
Dodge: Dodged            |   113 |    66 ||   179
